 Dungeon Crawl Stone Soup version 0.25.1-2-g60ff931df9 (webtiles) character file.

Game seed: 15093271015066284422

79 Lavandula the Shooter (level 4, 0/35 HPs)
             Began as a Centaur Arcane Marksman on Sept 25, 2020.
             Succumbed to an orc warrior's poison
             ... on level 3 of the Dungeon.
             The game lasted 00:04:37 (1957 turns).

Lavandula the Shooter (Centaur Arcane Marksman)     Turns: 1957, Time: 00:04:38

Health: 0/35       AC:  4    Str: 13    XL:     4   Next: 16%
Magic:  5/5        EV:  9    Int: 12    God:
Gold:   96         SH:  0    Dex: 10    Spells: 4/5 levels left

rFire    . . .     SeeInvis .   a - +1 shortbow
rCold    . . .     Gourm    .   (shield currently unavailable)
rNeg     . . .     Faith    .   e - +0 robe
rPois    .         Spirit   .   (no helmet)
rElec    .         Reflect  .   (no cloak)
rCorr    .         Harm     .   (no gloves)
MR       .....                  (no barding)
Stlth    +.........             (no amulet)
HPRegen  0.11/turn              (no ring)
MPRegen  0.09/turn              (no ring)

@: mighty, brilliant, lethally poisoned (0 -> -22), hasted, very quick
A: large, hooves 3, deformed body, speed 2, tough skin 3
a: no special abilities


You were on level 3 of the Dungeon.
You were not hungry.

You visited 1 branch of the dungeon, and saw 3 of its levels.

You collected 96 gold pieces.

Inventory:

Hand Weapons
 a - a +1 shortbow (weapon)
Missiles
 d - 71 arrows
 g - 57 bolts
 k - 5 poisoned darts (quivered)
Armour
 e - a +0 robe (worn)
Scrolls
 b - 3 scrolls of enchant weapon
 c - 2 scrolls of magic mapping {unknown}
 h - 7 scrolls of remove curse {unknown}
 n - a scroll of fear {unknown}
Potions
 i - a potion of haste
Comestibles
 f - 4 rations
 m - 7 chunks of flesh


   Skills:
 - Level 1.0 Fighting
 + Level 6.0 Bows
 - Level 1.3 Dodging
 - Level 1.0 Spellcasting
 - Level 2.6 Hexes


You had 4 spell levels left.
You knew the following spells:

 Your Spells              Type           Power        Failure   Level  Hunger
a - Corona                Hex            ##.....      10%         1    None

Your spell library contained the following spells:

 Spells                   Type           Power        Failure   Level  Hunger
 Slow                     Hex            ##......     16%         2    None
 Inner Flame              Hex/Fire       #.......     45%         3    None
 Portal Projectile        Hex/Tloc       #.....       45%         3    None
 Cause Fear               Hex            ##........   69%         4    None
 Leda's Liquefaction      Hex/Erth       #.........   86%         4    None


Dungeon Overview and Level Annotations

Branches:
Dungeon (3/15)

Altars:


Innate Abilities, Weirdness & Mutations

You have hooves in place of feet.
Armour fits poorly on your strangely shaped body.
You cover ground very quickly.
You have extremely tough skin. (AC +3)


Message History

You are lethally poisoned!
You feel sick.
* * * LOW HITPOINT WARNING * * *
You feel sick.
* * * LOW HITPOINT WARNING * * *
You feel sick.
* * * LOW HITPOINT WARNING * * *
You feel sick.
It was a potion of haste.
You feel yourself speed up.
* * * LOW HITPOINT WARNING * * *
You feel sick.
* * * LOW HITPOINT WARNING * * *
You feel sick.
It was a potion of might.
You feel very mighty all of a sudden.
* * * LOW HITPOINT WARNING * * *
You feel sick.
It was a potion of brilliance.
You feel clever all of a sudden.
You die...

##.## #.. ##.#.#####
#.#
##.###....########.#
##.##
##.#.#........# #.##
##..#......... ##.##
##.#.#.........
##.###....#.........
###.#..####.........
#..@...# #.......#.
#o###.## #.......##
#.# #.# ##########
#.# ######
#.####...###
#รท##.......##
#.#...###...##
#(#..##.##...#
#.##....##...#####


You could see an orc warrior (poisoned).

Vanquished Creatures
  An orc wizard (D:3)
  An ooze (D:2)
  A dart slug (D:2)
  A leopard gecko (D:3)
  5 orcs (D:3)
  A ball python (D:2)
  2 giant cockroaches
  6 goblins
  5 hobgoblins
  3 jackals (D:3)
  5 bats
  3 frilled lizards
  3 kobolds (D:2)
  2 rats
39 creatures vanquished.

Notes
Turn   | Place    | Note
-------+----------+-------------------------------------------
     0 | D:1      | Lavandula the Centaur Arcane Marksman began the quest for
                  | the Orb.
     0 | D:1      | Reached XP level 1. HP: 16/16 MP: 2/2
   207 | D:1      | Reached skill level 3 in Bows
   408 | D:2      | Reached XP level 2. HP: 23/23 MP: 1/3
   579 | D:2      | Reached skill level 4 in Bows
  1155 | D:2      | Reached XP level 3. HP: 28/28 MP: 4/4
  1212 | D:3      | Reached skill level 5 in Bows
  1228 | D:3      | Reached XP level 4. HP: 17/35 MP: 5/5
  1878 | D:3      | Reached skill level 6 in Bows
  1910 | D:3      | Noticed an orc warrior
  1957 | D:3      | Succumbed to an orc warrior's poison

Illustrated notes

Levels and vault maps discovered:
D:1:      sevenhm_arrival_forest_fort_small_4, layout_loops_corners
D:2:      layout_loops_corners, chequers_ecumenical_altar_grove
D:3:      layout_loops_cross, first_ration, minmay_puff

Skill      XL: |  1  2  3  4 |
---------------+-------------+-----
Bows           | 3 4 5 6 |  6.0
Fighting       | |  1.0
Dodging        | |  1.3
Spellcasting   | |  1.0
Hexes          | |  2.6

Action                   |  1- 3 |  4- 6 || total
-------------------------+-------+-------++-------
 Fire: Shortbow          |    58 |    31 ||    89
Throw: Dart              |    26 |     3 ||    29
 Cast: Corona            |    29 |     1 ||    30
  Use: Scroll            |     1 |       ||     1
       Potion            |       |     3 ||     3
  Eat: Chunk             |     1 |     2 ||     3
Armor: Robe              |    18 |     4 ||    22
Dodge: Dodged            |    12 |    15 ||    27
